 Dungeon Crawl Stone Soup version 0.28.0 (webtiles) character file.

Game seed: 15137296473889878985

2943 themarg the Cleaver (level 9, -14/78 HPs)
             Began as a Minotaur Fighter on Feb 5, 2022.
             Was a Follower of Wu Jian.
             Killed from afar by an acid dragon (31 damage)
             ... with a splash of acid
             ... on level 9 of the Dungeon.
             The game lasted 00:54:30 (8392 turns).

themarg the Cleaver (Minotaur Fighter)              Turns: 8392, Time: 00:54:31

Health: -14/78     AC: 11    Str: 29      XL:     9   Next: 51%
Magic:  7/7        EV: 10    Int:  7      God:    Wu Jian [*.....]
Gold:   367        SH:  9    Dex:  8 (10) Spells: 8/8 levels left

rFire   . . .      SeeInvis .   a - +0 war axe
rCold   . . .      Faith    .   U - +0 kite shield
rNeg    . . .      Spirit   .   f - +3 ring mail
rPois   .          Reflect  .   (helmet restricted)
rElec   .          Harm     .   (no cloak)
rCorr   .          Rampage  .   (no gloves)
Will    .....                   v - +0 pair of boots
Stlth   +.........              (no amulet)
HPRegen 0.23/turn               o - +4 ring of protection
MPRegen 0.10/turn               b - +6 ring of strength

@: mighty, corroded
A: horns 2, retaliatory headbutt, low MP 1, mutation resistance 1
a: Renounce Religion


You were on level 9 of the Dungeon.
You worshipped Wu Jian.
Wu Jian was aware of your devotion.
You visited 1 branch of the dungeon, and saw 9 of its levels.

You collected 367 gold pieces.

Inventory:

Hand Weapons
 a - a +0 war axe (weapon)
 x - a +1 quarterstaff of draining
 D - a +0 battleaxe
 X - a +0 glaive
Missiles
 i - 49 bolts
 j - 89 stones (quivered)
 k - 81 sling bullets
 m - 3 datura-tipped darts
 C - 3 large rocks
 E - 24 poisoned darts
 T - 6 javelins
Armour
 c - a +0 buckler
 f - a +3 ring mail (worn)
 q - a +2 robe of cold resistance
 v - a +0 pair of boots (worn)
 U - a +0 kite shield (worn)
Magical Staves
 S - a staff of fire
Jewellery
 b - a +6 ring of strength (right hand)
 o - a +4 ring of protection (left hand)
 w - a ring of ice
 F - a ring of fire
Wands
 J - a wand of flame (28)
 Z - a wand of acid (7)
Scrolls
 d - a scroll of fear {unknown}
 p - a scroll of enchant armour {unknown}
 r - a scroll of noise {unknown}
 s - 4 scrolls of identify {unknown}
 t - 7 scrolls of teleportation {unknown}
 u - 3 scrolls of amnesia {unknown}
 y - a scroll of summoning {unknown}
 H - a scroll of silence {unknown}
 I - 3 scrolls of immolation {unknown}
 K - a scroll of torment {unknown}
 O - a scroll of fog {unknown}
Potions
 e - a potion of flight
 h - a potion of resistance {unknown}
 z - a potion of berserk rage {unknown}
 A - a potion of curing {unknown}
 B - a potion of brilliance {unknown}
 G - a potion of degeneration
 L - a potion of cancellation {unknown}
 N - 2 potions of attraction
 Q - a potion of magic {unknown}
 R - 2 potions of invisibility {unknown}
 V - a potion of haste {unknown}
 W - a potion of ambrosia {unknown}


   Skills:
 + Level 6.4 Fighting
 + Level 10.7 Axes
 + Level 8.7 Armour
 + Level 3.0 Dodging
 + Level 1.4 Stealth
 + Level 6.6 Shields


You had 8 spell levels left.
You didn't know any spells.
Your spell library contained the following spells:

 Spells                   Type           Power      Damage    Failure   Level
 Foxfire                  Conj/Fire      0%         2x1d4     86%         1
 Static Discharge         Conj/Air       0%         N/A       95%         2
 Conjure Flame            Conj/Fire      0%         6-21      99%         3
 Ignite Poison            Fire/Tmut/Pois 0%         N/A       99%         3
 Inner Flame              Hex/Fire       0%         N/A       99%         3
 Stone Arrow              Conj/Erth      0%         3d7       99%         3
 Animate Armour           Summ/Erth      0%         N/A       100%        4
 Flame Wave               Conj/Fire      0%         2d4       100%        4
 Sticky Flame             Conj/Fire      0%         2d3       100%        4
 Lightning Bolt           Conj/Air       0%         1d11      100%        5
 Lehudib's Crystal Spear  Conj/Erth      0%         10d2      100%        8
 Maxwell's Capacitive Co  Air            0%         ∞         100%        8


Dungeon Overview and Level Annotations

Branches:
Dungeon (9/15)             Temple (0/1) D:7
   Lair: D:8-11         Orc: D:9-12

Altars:
Cheibriados
Dithmenos
Qazlal
Wu Jian
The Shining One
Lugonu

Portals:
Abyss: D:7

Annotations:
D:2 Sigmund
D:7 2 runed translucent doors, Dowan, Duvessa, Harold, Menkaure


Innate Abilities, Weirdness & Mutations

You have a pair of horns on your head.
You reflexively headbutt those who attack you in melee.
Your magical capacity is low. (-10% MP)
You are somewhat resistant to further mutation.


Message History

The Council accepts your kill.
The kobold throws a poisoned dart.
You block the poisoned dart.
The centaur shoots an arrow.
The arrow barely misses you.
You feel your strength returning.
You lunge at the centaur, but your attack speed is too slow for a blow to land.
The centaur unwields a +0 shortbow.
You block the centaur's attack. The centaur barely misses you.
You block the kobold's attack.
The centaur hits you but does no damage.
The centaur misses you.
You see here a +0 whip of electrocution.
You hit the centaur.
The centaur is heavily wounded.
You hit the kobold.
You kill the kobold!
The Council accepts your kill.
The centaur hits you but does no damage.
The centaur misses you.
You slash the centaur!
The centaur is almost dead.
You block the centaur's attack. The centaur kicks you.
The centaur barely misses you.
The centaur kicks you but does no damage.
You barely miss the centaur. You headbutt the centaur.
You kill the centaur!
The Council accepts your kill.
You can now lightly attack monsters by moving around them.
An acid dragon comes into view.
Cleave: a) +0 war axe
Press: ? - help, Dir - move target Your weapon can't reach that far!
Okay, then.
The acid dragon roars!
The acid dragon spits acid at you. The splash of acid hits you!!
* * * LOW HITPOINT WARNING * * *
The acid corrodes you!
You feel very mighty all of a sudden. The acid dragon spits acid at you.
The splash of acid hits you!!
You die...

#.# #.# #.#
#.#####.###
.....>....##.#
#............#
######.#....#
#.####D#
########.))@..#
.........)#####
..........+
....).....#
..........#
........).#
..........#
..........#
..........#


You could see an acid dragon (catching breath).

Vanquished Creatures
  Pikel (D:8)
  Joseph (D:7)
  Maggie (D:7)
  A steam dragon (D:9)
  2 black bears
  2 ice beasts
  A sky beast (D:5)
  An ogre (D:5)
  A centaur (D:9)
  A lemure (D:8)
  2 kobold brigands
  A water moccasin zombie (D:7)
  Blork the orc (D:4)
  2 scorpions
  A water moccasin skeleton (D:4)
  A centaur zombie (D:8)
  3 hounds
  2 jellies
  3 orc priests
  A bullfrog skeleton (D:4)
  2 iguanas
  4 orc wizards
  A killer bee zombie (D:8)
  A hound zombie (D:5)
  A hound skeleton (D:4)
  3 gnolls (D:3)
  A howler monkey skeleton (D:6)
  4 adders
  A shadow imp (D:6)
  3 white imps
  An ufetubus (D:6)
  An adder skeleton (D:4)
  A worm (D:4)
  A dart slug (D:3)
  18 orcs
  7 bats
  12 endoplasms
  A giant cockroach (D:3)
  7 hobgoblins
  18 kobolds
  3 quokkas
  3 ball pythons
  A frilled lizard (D:1)
  6 goblins
  3 rats
133 creatures vanquished.

Vanquished Creatures (others)
  2 fungi (D:8)
  3 plants
5 creatures vanquished.

Grand Total: 138 creatures vanquished

Notes
Turn   | Place    | Note
-------+----------+-------------------------------------------
     0 | D:1      | themarg the Minotaur Fighter began the quest for the Orb.
     0 | D:1      | Reached XP level 1. HP: 19/19 MP: 0/0
   548 | D:1      | Reached XP level 2. HP: 26/27 MP: 1/1
  1309 | D:2      | Noticed Sigmund
  2070 | D:2      | Reached skill level 3 in Axes
  2330 | D:3      | Reached XP level 3. HP: 33/33 MP: 2/2
  2453 | D:3      | Found a glowing golden altar of the Shining One.
  2495 | D:3      | Noticed a fire elemental
  2500 | D:3      | Found a stormy altar of Qazlal.
  2503 | D:3      | Noticed an earth elemental
  2506 | D:3      | Noticed an air elemental
  2506 | D:3      | Noticed a water elemental
  2689 | D:3      | Reached XP level 4. HP: 28/40 MP: 3/3
  2799 | D:3      | Reached skill level 4 in Axes
  3336 | D:4      | Reached skill level 1 in Dodging
  3477 | D:4      | Noticed Blork the orc
  3488 | D:4      | Noticed a scorpion
  3513 | D:3      | Killed a scorpion
  3514 | D:3      | Reached XP level 5. HP: 28/46 MP: 4/4
  3637 | D:4      | Killed Blork the orc
  3638 | D:4      | Reached skill level 5 in Axes
  3638 | D:4      | Reached skill level 5 in Armour
  3686 | D:4      | Found a snail-covered altar of Cheibriados.
  3699 | D:4      | Reached XP level 6. HP: 49/53 MP: 5/5
  4188 | D:5      | Entered Level 5 of the Dungeon
  4188 | D:5      | Noticed a sky beast
  4195 | D:5      | Killed a sky beast
  4196 | D:5      | Reached skill level 6 in Axes
  4301 | D:4      | Reached XP level 7. HP: 43/60 MP: 6/6
  5252 | D:6      | Reached skill level 7 in Axes
  5258 | D:6      | Reached skill level 1 in Stealth
  5418 | D:6      | Reached skill level 5 in Fighting
  5481 | D:6      | Reached XP level 8. HP: 68/68 MP: 7/7
  5596 | D:6      | Reached skill level 5 in Shields
  6326 | D:6      | Reached skill level 8 in Axes
  6598 | D:6      | Found an ornate altar of the Wu Jian Council.
  6599 | D:6      | Found a shadowy altar of Dithmenos.
  6614 | D:6      | Became a worshipper of the Wu Jian Council
  6816 | D:7      | Noticed Maggie
  6832 | D:7      | Killed Maggie
  7053 | D:7      | Noticed Joseph
  7349 | D:7      | Killed Joseph
  7350 | D:7      | Reached skill level 9 in Axes
  7617 | D:7      | Noticed Duvessa
  7617 | D:7      | Noticed Dowan
  7618 | D:7      | Noticed Harold
  7682 | D:6      | Gained mutation: Your magical capacity is low. (-10% MP)
                  | [potion of mutation]
  7682 | D:6      | Gained mutation: You are somewhat resistant to further
                  | mutation. [potion of mutation]
  8024 | D:7      | Reached XP level 9. HP: 75/75 MP: 7/7
  8086 | D:7      | Found a staircase to the Ecumenical Temple.
  8111 | D:7      | Found a one-way gate to the infinite horrors of the Abyss.
  8111 | D:7      | Identified the +8 short sword of Crawling {distort, rC+}
  8135 | D:7      | Found a large runed translucent door.
  8135 | D:7      | Found a large runed translucent door.
  8140 | D:7      | Found a corrupted altar of Lugonu.
  8141 | D:7      | Noticed Menkaure
  8266 | D:8      | Noticed Pikel
  8276 | D:8      | Killed Pikel
  8277 | D:8      | Reached skill level 10 in Axes
  8390 | D:9      | Reached * piety under Wu Jian
  8392 | D:9      | Killed from afar by an acid dragon

Illustrated notes

Levels and vault maps discovered:
D:1:      saegor_arrival_under_anarchy, layout_basic
D:2:      layout_basic, ebering_ecumenical_altar_box, uniq_sigmund
D:3:      layout_basic, nicolae_qazlal_style_of_elements, lemuel_doored_altar,
          guppyfry_early_lair_pool
D:4:      layout_rooms, mainiacjoe_overflow_small_starburst,
          minmay_misc_feat_roman, minmay_quadrilaterals, uniq_blork_the_orc
D:5:      layout_basic, hangedman_decor_lopped, minmay_strange_pillars
D:6:      layout_basic, nicolae_overflow_squiral, supply_closet_lemuel,
          dk_noncrumbling_3, kennysheep_generic_room_15
D:7:      due_chaos_kobolds, layout_basic, temple_green,
          mrwooster_statue_mirror, minmay_misc_feat_encased,
          kb_lookout_dungeons_type, uniq_joseph, uniq_harold, uniq_maggie,
          uniq_duvessa, uniq_menkaure
D:8:      layout_basic, lemuel_round_altar, mainiacjoe_overflow_boulevard,
          nicolae_ossuary_entry_monument, uniq_pikel
D:9:      layout_basic

Skill      XL: |  1  2  3  4  5  6  7  8  9 |
---------------+----------------------------+-----
Armour         | 4 5 6 7 8 |  8.7
Axes           | 3 4 5 6 7 9 10 | 10.7
Fighting       | 4 5 6 |  6.4
Shields        | 4 5 6 |  6.6
Dodging        | 1 2 3 |  3.0
Stealth        | 1 |  1.4

Action                   |  1- 3 |  4- 6 |  7- 9 || total
-------------------------+-------+-------+-------++-------
Melee: War axe           |    80 |    94 |   189 ||   363
       Headbutt          |     9 |    19 |    35 ||    63
Throw: Stone             |       |     1 |       ||     1
Invok: Lunge             |       |       |     4 ||     4
  Use: Potion            |       |     3 |     8 ||    11
Armor: Scale mail        |    31 |    51 |    14 ||    96
       Chain mail        |       |       |    44 ||    44
       Ring mail         |       |       |    42 ||    42
       Steam dragon scal |       |       |     1 ||     1
Dodge: Dodged            |    30 |    54 |    80 ||   164
Block: Buckler           |    18 |    25 |    24 ||    67
       Kite shield       |       |       |    50 ||    50
